AoeStats
← [AFTM] manimues

Nomad

505377817Analyzed
4v4 RM · 23d ago on Sep 9, 2026· 41m 46s· 8 players
Game mode
Random Map
Map size
231×231
Population
200
Speed
Normal
Resources
Standard
Victory
Conquest
Starting age
Dark Age
Ending age
Imperial Age
RankedLock teamsTeams togetherTeam positionsShared explorationLock speedFull tech treeHidden civsTurbo modeCheats
Victory
Defeat
🇨🇦 Spanish · Canada
1280
+16
🇲🇽 Vietnamese · Mexico
1276
+16
🇬🇧 Slavs · United Kingdom
1239
+17
🇭🇰 Khmer · Hong Kong SAR China
1201
+19
🇨🇱 Malians · Chile
1395
-21
1362
-21
🇨🇱 Saracens · Chile
1268
-17
🇨🇱 Koreans · Chile
1066
-9
Ham Shank
3:40 Loom
13:57 Feudal Age
16:23 Fletching
20:57 Castle Age
19:23 Padded Archer Armor
23:22 Crossbowman
33:57 Bodkin Arrow
35:30 Fishing Lines
39:48 Ballistics
39:51 Gillnets
41:01 Murder Holes
CSA_HW_Mercer
4:54 Loom
13:43 Feudal Age
18:00 Castle Age
18:14 Double-Bit Axe
19:08 Gold Mining
19:04 Horse Collar
21:25 Gold Mining
26:34 Padded Archer Armor
29:36 Fletching
30:04 Leather Archer Armor
31:42 Bloodlines
32:06 Fletching
34:27 Town Watch
35:32 Stone Mining
xblxavier
4:53 Loom
15:38 Feudal Age
20:41 Castle Age
19:38 Stone Mining
19:41 Gold Mining
20:06 Fishing Lines
21:29 Double-Bit Axe
21:54 Gillnets
24:22 Wheelbarrow
27:38 Imperial Age
25:31 Fletching
30:56 Horse Collar
34:08 Bow Saw
34:43 Bodkin Arrow
35:25 Hand Cart
37:23 Bracer
38:52 Ballistics
40:05 Padded Archer Armor
41:29 Chemistry
40:41 Heavy Plow
41:05 Leather Archer Armor
42:28 Ring Archer Armor
虫
4:59 Loom
13:07 Feudal Age
15:00 Fishing Lines
21:25 Castle Age
20:18 Double-Bit Axe
21:41 Town Watch
24:21 Wheelbarrow
23:48 Town Patrol
24:03 Bow Saw
25:36 Husbandry
25:47 Bloodlines
25:34 Horse Collar
32:47 Hand Cart
33:05 Heavy Plow
38:43 Imperial Age
37:49 Scale Barding Armor
37:54 Forging
37:52 Gold Mining
37:52 Stone Mining
38:53 Chain Barding Armor
39:40 Bloodlines
40:23 Iron Casting
40:33 Gold Shaft Mining
[AFTM] manimues
15:45 Feudal Age
19:27 Castle Age
18:03 Double-Bit Axe
18:10 Fishing Lines
18:35 Fletching
20:34 Medium Warships
20:15 Gillnets
20:23 Bodkin Arrow
21:28 Loom
23:19 Wheelbarrow
26:34 Clinker Construction
26:50 Padded Archer Armor
31:02 Bow Saw
34:28 Imperial Age
32:57 Gold Mining
34:17 Scale Barding Armor
36:47 Husbandry
37:17 Elite Skirmisher
39:04 Bracer
39:26 Chain Barding Armor
39:16 Forging
39:23 Town Watch
39:54 Hand Cart
40:00 Elite Mameluke
[AFTM] PIPE FLAWERS
11:17 Loom
16:46 Feudal Age
17:16 Double-Bit Axe
20:18 Gold Mining
22:41 Fletching
24:40 Town Watch
29:50 Castle Age
29:53 Crossbowman
30:39 Thumb Ring
30:57 Bodkin Arrow
31:30 Bow Saw
33:07 Wheelbarrow
35:21 Ballistics
36:23 Hand Cart
42:53 Imperial Age
AiM | Mantequilla de Mani
4:44 Loom
14:42 Feudal Age
18:29 Castle Age
24:25 Fletching
33:34 Wheelbarrow
33:26 Bloodlines
33:18 Husbandry
38:08 Horse Collar
38:22 Double-Bit Axe
AiM | BetaWolf
5:20 Loom
12:43 Feudal Age
12:52 Man-at-Arms
18:56 Double-Bit Axe
20:15 Arson
22:39 Horse Collar
23:40 Scale Mail Armor
28:02 Castle Age
26:52 Forging
26:53 Gold Mining
28:10 Long Swordsman
28:52 Squires
30:45 Chain Mail Armor
36:59 Heavy Plow
Connection lost

Rejoining the realm…

Still unreachable

The connection could not be restored.

Session expired

The server has moved on; the page needs a fresh start.